 Dungeon Crawl Stone Soup version 0.29-a0-824-gd827844252 (webtiles) character file.

Game seed: 12759466172951796536

0 greasedhog the Shield-Bearer (level 1, 0/23 HPs)
             Began as a Gnoll Fighter on July 11, 2022.
             Succumbed to a goblin's poison
             ... on level 1 of the Dungeon.
             The game lasted 00:00:11 (21 turns).

greasedhog the Shield-Bearer (Gnoll Fighter)          Turns: 21, Time: 00:00:12

Health: 0/23       AC:  7    Str: 15    XL:     1   Next: 10%
Magic:  1/1        EV:  9    Int:  7    God:
Gold:   0          SH:  5    Dex: 11    Spells: 0/0 levels left

rFire   . . .      SeeInvis .   a - +0 trident
rCold   . . .      Faith    .   c - +0 buckler
rNeg    . . .      Spirit   .   b - +0 scale mail
rPois   .          Reflect  .   (no helmet)
rElec   .          Harm     .   (no cloak)
rCorr   .          Rampage  .   (no gloves)
Will    .....                   (no boots)
Stlth   ..........              (no amulet)
HPRegen 0.07/turn               (no ring)
MPRegen 0.07/turn               (no ring)

@: lethally poisoned (0 -> -8)
A: fangs 1, strong nose, distributed training
a: no special abilities


You were on level 1 of the Dungeon.
You visited 1 branch of the dungeon, and saw 1 of its levels.

Inventory:

Hand Weapons
 a - a +0 trident (weapon)
Armour
 b - a +0 scale mail (worn)
 c - a +0 buckler (worn)
Potions
 d - a potion of might


   Skills:
 + Level 6.4 Fighting
 + Level 0.0 Short Blades
 + Level 0.0 Long Blades
 + Level 0.0 Axes
 + Level 0.0 Maces & Flails
 + Level 4.4 Polearms
 + Level 0.0 Staves
 + Level 0.0 Ranged Weapons
 + Level 0.0 Throwing
 + Level 6.4 Armour
 + Level 0.0 Dodging
 + Level 0.0 Stealth
 + Level 6.4 Shields
 + Level 0.0 Unarmed Combat
 + Level 0.0 Spellcasting
 + Level 0.0 Conjurations
 + Level 0.0 Hexes
 + Level 0.0 Summonings
 + Level 0.0 Necromancy
 + Level 0.0 Translocations
 + Level 0.0 Transmutations
 + Level 0.0 Fire Magic
 + Level 0.0 Ice Magic
 + Level 0.0 Air Magic
 + Level 0.0 Earth Magic
 + Level 0.0 Poison Magic
 + Level 0.0 Invocations
 + Level 0.0 Evocations


You couldn't memorise any spells.
You didn't know any spells.
Your spell library was empty.

Dungeon Overview and Level Annotations

Branches:
Dungeon (1/15)

Altars:

Shops:
D:1 :


Innate Abilities, Weirdness & Mutations

You have very sharp teeth.
Your uncanny sense of smell can sniff out nearby items.
Your experience applies equally to all skills.


Message History

Found 35 gold pieces.
There is an open door here.
Found 26 gold pieces.
The bat closely misses you.
A bat comes into view.
The bat misses you.
The bat moves out of view.
You hit the frilled lizard but do no damage.
The bat barely misses you. You block the bat's attack.
The frilled lizard bites you. The goblin hits you but does no damage.
You are poisoned.
You closely miss the frilled lizard.
You feel sick. The bat hits you but does no damage. The bat closely misses you.
You block the frilled lizard's attack.
The goblin hits you with a +0 dagger of venom.
You are more poisoned.
You hit the frilled lizard.
You kill the frilled lizard!
You feel very sick. The bat misses you.
A goblin comes into view. It is wielding a +0 club.
You block the goblin's attack.
You closely miss the goblin.
The goblin shouts!
Your bite misses the goblin.
You feel very sick. The bat hits you but does no damage.
The bat barely misses you. The goblin hits you but does no damage.
You are lethally poisoned!
You feel very sick. The bat barely misses you.
There is an open door here.
* * * LOW HITPOINT WARNING * * *
You feel very sick. The bat closely misses you.
Okay, then.
You miss the bat.
* * * LOW HITPOINT WARNING * * *
You feel very sick. The bat barely misses you.
You closely miss the goblin.
You die...

#####+#####
###.........###
#...8.....8...##
..8...#'#...8..#
..... #<##.....+
.....##>##..(..+
..8...#+#...8..#
#...8.....8...##
###....@....###
######g########
................
......b.†.......
.#...#..........
#.....g......##
.$$$.>........#
#$∩$##.#####..#
#$$$ #. ..#


You could see 2 goblins and a bat.

Vanquished Creatures
  A frilled lizard (D:1)
1 creature vanquished.

Notes
Turn   | Place    | Note
-------+----------+-------------------------------------------
     0 | D:1      | greasedhog the Gnoll Fighter began the quest for the Orb.
     0 | D:1      | Reached XP level 1. HP: 23/23 MP: 1/1
    11 | D:1      | Found Voamn's Book Shop.
    21 | D:1      | Succumbed to a goblin's poison

Illustrated notes

Levels and vault maps discovered:
D:1:      dpeg_arrival_refuge, layout_loops_ring, serial_shops, shop_statue,
          nicolae_shop_behind_doors, shop, shop_fountains, shop_coins

Action                   || total
-------------------------++-------
Melee: Trident           ||     6
Armor: Scale mail        ||     4
Dodge: Dodged            ||     9
Block: Buckler           ||     3

Table legend: (Time is in decaauts)
 A = Elapsed time spent in this place.
 B = Non-inter-level travel time spent in this place.
 C = Inter-level travel time spent in this place.
 D = Time resting spent in this place.
 E = Time spent auto-exploring this place.
 F = Levels seen in this place.
 G = Mean time per level.
                   A        B        C        D        E       F      G
               +--------+--------+--------+--------+--------+-----+--------+
         Total |     21 |     21 |      0 |      0 |     10 |   1 |   21.0 |
       Dungeon |     21 |     21 |      0 |      0 |     10 |   1 |   21.0 |
               +--------+--------+--------+--------+--------+-----+--------+

Top non-repeatable levels by time:
     D:1: 21 daAuts
